 Dungeon Crawl Stone Soup version 0.19-a0-1071-g4ed3155 (webtiles) character file.

235 mistymad the Magician (level 5, -2/28 HPs)
             Began as a Deep Elf Wizard on Aug 5, 2016.
             Killed by divine providence
             ... invoked by an orc priest
              (7 damage)
             ... on level 4 of the Dungeon.
             The game lasted 00:12:18 (3405 turns).

mistymad the Magician (Deep Elf Wizard)             Turns: 3405, Time: 00:12:19

Health: -2/28      AC:  3    Str:  4    XL:     5   Next: 76%
Magic:  3/15       EV: 14    Int: 24    God:
Gold:   184        SH:  0    Dex: 13    Spells: 5 memorised, 4 levels left

rFire  . . .     SeeInvis .     e - +0 dagger
rCold  . . .     Gourm    .     a - +0 robe
rNeg   . . .     Faith    .     (no shield)
rPois  .         Spirit   .     b - +0 hat
rElec  .         Dismiss  .     (no cloak)
rCorr  .         Reflect  .     (no gloves)
SustAt .         Harm     .     v - +0 pair of boots
MR     .....                    (no amulet)
Stlth  ++........               (no ring)
                                (no ring)

@: repel missiles
A: no striking features
a: no special abilities


You were on level 4 of the Dungeon.
You were hungry.

You visited 1 branch of the dungeon, and saw 4 of its levels.

You collected 184 gold pieces.

Inventory:

Hand Weapons
 e - a +0 dagger (weapon)
Armour
 a - a +0 robe (worn)
 b - a +0 hat (worn)
 v - a +0 pair of boots (worn)
Wands
 o - a wand of digging (11/24)
Scrolls
 i - a scroll of identify {unknown}
 j - 2 scrolls of fog {unknown}
 l - 4 scrolls of enchant armour {unknown}
 n - a scroll of fear {unknown}
 p - 2 scrolls of immolation {unknown}
 q - 2 scrolls of remove curse {unknown}
Potions
 f - 3 potions of curing {unknown}
 h - 3 potions of brilliance {unknown}
 k - 2 potions of invisibility {unknown}
 r - a potion of lignification {unknown}
 s - 2 potions of flight {unknown}
 t - a potion of agility {unknown}
 u - a potion of degeneration {unknown}
Books
 c - a book of Minor Magic

   Spells                             Type                      Level
   a - Magic Dart                     Conjuration                  1
   b - Blink                          Translocation                2
   c - Call Imp                       Summoning                    2
   d - Repel Missiles                 Charms/Air                   2
   e - Slow                           Hexes                        2
   f - Conjure Flame                  Conjuration/Fire             3
   g - Mephitic Cloud                 Conjuration/Poison/Air       3
Comestibles
 d - 3 bread rations
 g - 4 meat rations
 m - 2 beef jerkies


   Skills:
 - Level 4.1 Dodging
 - Level 2.4 Stealth
 + Level 5.9 Spellcasting
 + Level 3.4 Conjurations
   Level 1.1 Summonings
 - Level 1.1 Translocations
 + Level 2.4 Fire Magic


You had 4 spell levels left.
You knew the following spells:

 Your Spells              Type           Power        Failure   Level  Hunger
a - Magic Dart            Conj           ###.         1%          1    None
b - Repel Missiles        Chrm/Air       #.....       14%         2    None
c - Conjure Flame         Conj/Fire      ###.....     10%         3    #......
d - Mephitic Cloud        Conj/Pois/Air  ##......     17%         3    #......
e - Blink                 Tloc           N/A          10%         2    None


Dungeon Overview and Level Annotations

Branches:
Dungeon (4/15)
 Temple: D:4-7

Altars:
Cheibriados
Elyvilon


Message History

Aim: an orc, wielding a trident and wearing a runed ring mail (severely wounded)
The magic dart hits the orc.
The orc is severely wounded.
The orc hits you with a trident.
You take 6 damage, and have 15/28 hp.
MASSIVE DAMAGE!!
You now have 1/15 mp.
The orc hits you from afar with a trident.
You take 4 damage, and have 11/28 hp.
An orc priest comes into view. It is wielding a flail.
The orc priest calls upon Beogh to heal the orc.
The orc's wounds heal themselves!
The orc hits you with a trident.
You take 1 damage, and have 10/28 hp.
The orc misses you. The orc misses you.
The orc hits you from afar with a trident.
* * * LOW HITPOINT WARNING * * *
You take 5 damage, and have 5/28 hp.
The orc priest invokes the aid of Beogh against you.
Beogh smites you!
You die...

##########################
.......#.....................#.>.
.......#........@............#...
.......#......o..)...[<(.....#...
.......#.....................#...
.......#..o.............<....#...
......##...####...##...####..###.
......##...####...##...#########.
...........#..................'..
...........#..................#..
...........#..................#..


You could see an orc priest and an orc.

Vanquished Creatures
  A jelly (D:3)
  An orc priest (D:4)
  Jessica (D:2)
  6 adders
  An ooze (D:3)
  A worm (D:3)
  A dart slug (D:1)
  2 giant geckos
  8 orcs
  12 bats
  4 giant cockroaches
  6 goblins
  8 hobgoblins
  3 jackals (D:3)
  8 giant newts
  6 kobolds
  8 rats
77 creatures vanquished.

Notes
Turn   | Place    | Note
-------+----------+-------------------------------------------
     0 | D:1      | mistymad the Deep Elf Wizard began the quest for the Orb.
     0 | D:1      | Reached XP level 1. HP: 10/10 MP: 7/7
   181 | D:1      | Reached XP level 2. HP: 11/15 MP: 2/9
   453 | D:1      | Learned a level 2 spell: Repel Missiles
  1044 | D:1      | Reached XP level 3. HP: 19/19 MP: 4/11
  1156 | D:1      | Learned a level 3 spell: Conjure Flame
  1416 | D:2      | Reached skill level 5 in Spellcasting
  1461 | D:2      | Found a snail-covered altar of Cheibriados.
  1493 | D:2      | Noticed Jessica
  1497 | D:2      | Killed Jessica
  1497 | D:2      | Reached skill level 1 in Fire Magic
  1497 | D:2      | Reached XP level 4. HP: 24/24 MP: 2/13
  1500 | D:2      | murphy: hm.. wz
  1501 | D:2      | murphy: interesting
  1501 | D:2      | mistymad: ?
  1502 | D:2      | murphy: maybe i should start as a wiz
  1509 | D:1      | mistymad: for vehumet?
  1672 | D:2      | mistymad: im try. but itresting only mephitic cloud
  1764 | D:2      | Found a faded altar of an unknown god.
  1984 | D:3      | Learned a level 3 spell: Mephitic Cloud
  2157 | D:3      | Reached XP level 5. HP: 28/28 MP: 0/15
  2662 | D:3      | Learned a level 2 spell: Blink
  2691 | D:3      | Found a white marble altar of Elyvilon.
  3405 | D:4      | Killed from afar by an orc priest

Vault maps used:
D:1:      evilmike_arrival_crescent
D:2:      lemuel_doored_altar, ecumenical_altar_1, minmay_tromino_v2,
          uniq_jessica
D:3:      first_bread, elyvilon_altar_1
D:4:      grunt_qazlal_clouds, uniq_eustachio, uniq_grinder, uniq_blork_the_orc,
          uniq_pikel

Skill      XL: |  1  2  3  4  5 |
---------------+----------------+-----
Conjurations   | 2 3 |  3.4
Dodging        | 3 4 |  4.1
Spellcasting   | 5 |  5.9
Fire Magic     | 1 2 |  2.4
Stealth        | |  2.4
Summonings     | |  1.1
Translocations | |  1.1

Action                   |  1- 3 |  4- 6 || total
-------------------------+-------+-------++-------
Melee: Dagger            |     5 |    12 ||    17
 Cast: Magic Dart        |    89 |   108 ||   197
       Repel Missiles    |     1 |       ||     1
       Conjure Flame     |       |     5 ||     5
       Mephitic Cloud    |       |     6 ||     6
 Stab: Confused          |       |     2 ||     2
  Eat: Chunk             |     2 |     5 ||     7
Armor: Robe              |     5 |     3 ||     8
Dodge: Dodged            |     9 |    27 ||    36
       Deflected         |     1 |     1 ||     2
